 Dungeon Crawl Stone Soup version 0.19.1 (webtiles) character file.

618124 Alarkh the Earth Mage (level 26, -5/180 HPs)
             Began as a Mummy Necromancer on Dec 20, 2016.
             Was the Champion of Hepliaklqana.
             Slain by a death cob (16 damage)
             ... on level 2 of the Realm of Zot on Dec 21, 2016.
             The game lasted 03:58:17 (71803 turns).

Alarkh the Earth Mage (Mummy Necromancer)          Turns: 71803, Time: 03:58:17

Health: -5/180     AC: 35    Str: 12    XL:     26   Next: 95%
Magic:  43/44      EV: 15    Int: 24    God:    Hepliaklqana [******]
Gold:   2243       SH:  8    Dex: 15    Spells: 8 memorised, 22 levels left

rFire  + + +     SeeInvis +     a - staff of earth
rCold  + + +     Gourm    .     c - +9 ice dragon scales
rNeg   + + +     Faith    .     D - +3 buckler {reflect}
rPois  ∞         Spirit   .     L - +2 helmet {SInv}
rElec  +         Reflect  +     g - +2 cloak "Ososmur" {+Inv}
rCorr  .         Harm     .     T - +0 pair of fencer's gloves {+Riposte Dex+3}
MR     +++..                    R - +2 pair of boots {Stlth+}
Stlth  ++++......               r - amulet of regeneration
                                i - ring of Nuoniec {rElec rPois rF+++ Dex-2 SInv}
                                C - ring "Sick" {rPois rF++ rN+}

@: slowed, very slow
A: no food or potions, fire vulnerability, reduced essence, cold resistance 1,
negative energy resistance 3, torment resistance, unbreathing, in touch with
death 2
a: Recall Ancestor, Ancestor Identity, Transference, Idealise, Renounce
Religion, Evoke Invisibility
}: 3/15 runes: decaying, abyssal, gossamer


You were on level 2 of the Realm of Zot.
You worshipped Hepliaklqana.
Hepliaklqana was exalted by your worship.
You were not hungry.

You visited 12 branches of the dungeon, and saw 51 of its levels.
You visited the Abyss 2 times.
You also visited: Labyrinth and Volcano.

You collected 7482 gold pieces.
You spent 5239 gold pieces at shops.

Inventory:

Hand Weapons
 b - the +7 sceptre of Torment
   (You found it on level 4 of the Depths)
 x - a +4 lajatang of electrocution
Armour
 c - +9 ice dragon scales (worn)
 g - the +2 cloak "Ososmur" (worn) {+Inv}
   (You acquired it on level 15 of the Dungeon)

   It lets you turn invisible.
 p - +0 storm dragon scales
 D - a +3 buckler of reflection (worn)
 L - a +2 helmet of see invisible (worn)
 R - a +2 pair of boots of stealth (worn)
 T - the +0 pair of fencer's gloves (worn) {+Riposte Dex+3}
   (You found it in a labyrinth)

   It affects your dexterity (+3).
Magical Staves
 a - an uncursed staff of earth (weapon)
 w - an uncursed staff of energy
Jewellery
 i - the ring of Nuoniec (right hand) {rElec rPois rF+++ Dex-2 SInv}
   (You found it on level 2 of the Depths)

   [ring of poison resistance]

   It affects your dexterity (-2).
   It renders you almost immune to fire.
   It insulates you from electricity.
   It protects you from poison.
   It lets you see invisible.
 r - an amulet of regeneration (around neck)
 y - an uncursed ring of flight
 C - the ring "Sick" (left hand) {rPois rF++ rN+}
   (You found it on level 3 of the Crypt)

   [ring of positive energy]

   It greatly protects you from fire.
   It protects you from poison.
   It protects you from negative energy.
Wands
 h - a wand of teleportation (6/9)
 k - a wand of digging (5/24)
 m - a wand of paralysis (8/24)
 n - a wand of hasting (4/9)
 s - a wand of disintegration (13/24)
 P - a wand of digging (4/24)
Scrolls
 d - a scroll of blinking
 e - 11 scrolls of identify
 f - 7 scrolls of magic mapping
 j - a scroll of summoning
 l - 2 scrolls of teleportation
 o - a scroll of enchant armour
 t - 3 scrolls of torment
 u - 8 scrolls of fog
 F - 4 scrolls of fear
 S - 7 scrolls of recharging
 Y - 22 scrolls of remove curse
Miscellaneous
 A - a crystal ball of energy
 Q - 3 phantom mirrors


   Skills:
 - Level 15.0 Fighting
 - Level 14.0 Staves
 - Level 12.1 Armour
 - Level 12.6 Dodging
 - Level 11.0 Stealth
 - Level 6.0 Shields
 + Level 17.7 Spellcasting
 - Level 6.3 Charms
 - Level 5.9 Summonings
 - Level 10.2 Necromancy
 - Level 6.0 Translocations
 * Level 19.5 Earth Magic
 - Level 8.0 Invocations
 + Level 13.5 Evocations


You had 22 spell levels left.
You knew the following spells:

 Your Spells              Type           Power        Failure   Level  Hunger
a - Vampiric Draining     Necr           ########..   1%          3    N/A
b - Blink                 Tloc           N/A          1%          2    N/A
c - Control Undead        Necr           ########..   1%          4    N/A
d - Repel Missiles        Chrm/Air       #####.       4%          2    N/A
e - Stone Arrow           Conj/Erth      ######       1%          3    N/A
f - Shatter               Erth           ########..   99%         9    N/A
g - Haunt                 Necr/Summ      #######...   100%        7    N/A
h - Infestation           Necr           ########..   100%        8    N/A

Dungeon Overview and Level Annotations

Branches:
Dungeon (15/15)            Temple (1/1) D:4            Lair (6/6) D:9
  Swamp (4/4) Lair:4       Spider (4/4) Lair:3        Slime (0/5) Lair:6
    Orc (2/2) D:12            Elf (3/3) Orc:2        Vaults (4/5) D:14
  Crypt (3/3) Vaults:3       Tomb (1/3) Crypt:3      Depths (5/5) D:15
    Zot (3/5) Depths:5

Altars:
Ashenzari
Cheibriados
Dithmenos
Elyvilon
Fedhas
Gozag
Hepliaklqana
Kikubaaqudgha
Makhleb
Nemelex Xobeh
Okawaru
Qazlal
Ru
Sif Muna
Trog
Uskayaw
Vehumet
Xom
Yredelemnul
Zin
The Shining One
Beogh
Jiyva
Lugonu

Shops:
D:10 ?   D:12 ?   Orc:2 ([(}   Elf:1 *   Elf:3 }([=!   Vaults:2 !   Depths:1 *
Depths:2 %   Depths:3 ==}   Depths:4 *%*   Depths:5 (

Portals:
Hell: Depths:1 Depths:2 Depths:3 Depths:4 Depths:5
Abyss: Depths:1 Depths:2 Depths:4 Depths:5
Pandemonium: Depths:3 Depths:4 Depths:5
Ziggurat: Depths:4


Innate Abilities, Weirdness & Mutations

You do not eat or drink.
Your flesh is vulnerable to fire.
You are immune to poison.
Your flesh is cold resistant. (rC+)
You are immune to negative energy. (rN+++)
You are immune to unholy pain and torment.
You can survive without breathing.
You are strongly in touch with the powers of death.
Your life essence is reduced. (-10% HP)


Message History

You feel as though you will be slow longer.
The death cob hits you but does no damage. x2
The death cob barely misses you. The death cob hits you!
* * * LOW HITPOINT WARNING * * *
You block the death cob's attack.
The death cob hits you but does no damage. Æthelred hits the death cob with a lajatang of freezing. Æthelred freezes the death cob.
The death cob hits you but does no damage. x2 Æthelred gestures at the death cob while chanting.
The bolt of magma misses the death cob.
The bolt of magma hits the death cob.
You catch the helpless death cob completely off-guard!
You hit the death cob but do no damage. You crush the death cob!
The death cob is almost destroyed.
The death cob closely misses you.
You riposte.
You barely miss the death cob.
The death cob is moderately damaged.
The death cob hits you!!
* * * LOW HITPOINT WARNING * * *
The death cob barely misses you. The death cob hits you!
You die...

###.....###.....####.#..#.....##
#.....#.##...##..#.#....#.#...
####...#..###'#..###....#####.#
#......#....#..<...#......#.#.#
###.....##....#.###.#######...###
#.........[..##..#.....##.....##.
#....#).#.....#..#....##.....###.
##...#.##.#...#..z.##.#...!...#..
#####....#..##.@z.##.....#....).
#.....###...R###.....##......
###..................####....
####.####...##..#### ###.#
##........#### ### #####....#
######


You could see the friendly Æthelred the battlemage and 2 death cobs.

Vanquished Creatures
  2 greater mummies (Depths:4)
  Sojobo (Crypt:2)
  Margery (Depths:2)
  Nikola (Elf:3)
  2 liches
  A hellephant (Abyss:3)
  A tentacled monstrosity (Zot:2)
  A titan (Depths:2)
  2 deep elf master archers (Elf:3)
  Asterion (Depths:2)
  Frances (D:14)
  10 tentacled starspawn (Abyss:3)
  An ancient champion (Crypt:3)
  2 Executioners (Abyss:3)
  A storm dragon (Zot:2)
  A draconian monk (Depths:5)
  3 shadow dragons
  3 tengu reavers
  3 revenants
  4 frost giants
  2 orc warlords
  7 deep elf sorcerers
  An iron dragon (Depths:3)
  2 ghost moths
  6 emperor scorpions (Spider:4)
  3 vault wardens
  4 fire giants
  A draconian scorcher (Zot:1)
  2 deep elf elementalists
  6 ghouls
  A draconian shifter (Zot:1)
  A draconian annihilator (Zot:2)
  2 draconian callers
  3 spriggan defenders
  3 vampire knights
  3 entropy weavers
  3 deep elf demonologists
  A stone giant (shapeshifter) (Depths:3)
  10 stone giants
  8 very ugly things
  3 ironheart preservers
  7 deep elf annihilators
  A red draconian (Zot:1)
  2 mottled draconians
  3 spark wasps
  2 purple draconians
  2 white draconians
  A yellow draconian (Abyss:1)
  4 eidola (Crypt:3)
  8 fire dragons
  A spectral quicksilver dragon (Crypt:3)
  6 deep elf death magi
  A merfolk javelineer (Abyss:3)
  2 quicksilver dragon zombies (Crypt:1)
  2 mummy priests
  4 ettins
  2 blizzard demons
  3 jiangshi
  3 yaktaur captains
  A minotaur (Lab)
  5 rakshasas
  A deep elf high priest (Elf:3)
  Erolcha (D:13)
  4 hydras
  9 great orbs of eyes
  8 vault guards
  5 ice dragons
  9 centaur warriors
  3 ghost crabs
  A naga warrior (Abyss:3)
  3 catoblepae
  2 death knights
  12 dancing weapons
  Erica (D:10)
  3 tengu warriors
  5 alligators
  A satyr (Abyss:3)
  A spectral fire giant (Crypt:3)
  6 death scarabs (Tomb:1)
  8 deep troll earth magi
  7 ogre magi
  4 vampire magi
  4 deep troll shamans
  14 thrashing horrors
  7 spriggan berserkers
  3 soul eaters (Crypt:3)
  4 spriggans
  23 deep elf knights
  2 naga sharpshooters (Depths:1)
  A hell knight (Depths:2)
  2 sun demons
  2 fire crabs
  5 shadow wraiths
  11 wretched stars
  4 iron trolls
  2 titan skeletons
  Nergalle (Lair:2)
  2 sixfirhies (Abyss:3)
  3 spatial maelstroms (Abyss:3)
  7 skeletal warriors
  A ghost moth zombie (Crypt:3)
  A spark wasp zombie (Crypt:1)
  A sea snake (shapeshifter) (Depths:2)
  3 spriggan druids (Swamp:4)
  14 deep trolls
  11 flayed ghosts
  4 glowing orange brains
  4 ironbrand convokers
  6 unseen horrors
  A spectral anaconda (Crypt:3)
  6 wizards
  A lindwurm (shapeshifter) (Depths:3)
  28 starcursed masses (Abyss:3)
  An anaconda zombie (Crypt:1)
  6 hill giants
  A swamp dragon (shapeshifter) (Vaults:2)
  An orange crystal statue (D:13)
  21 deep elf archers
  2 shambling mangroves
  6 necromancers
  A spectral hydra (Swamp:4)
  An anaconda skeleton (Crypt:3)
  4 swamp dragons
  9 phantasmal warriors
  A lindwurm (Volcano)
  2 mana vipers (Abyss:3)
  17 wolf spiders
  10 orb spiders
  9 orc knights
  39 deep elf magi
  7 orc sorcerers
  27 ugly things
  4 moths of wrath
  A mana viper (shapeshifter) (Depths:4)
  A manticore (D:15)
  A cyclops (shapeshifter) (Depths:3)
  A salamander (Abyss:3)
  A spectral shock serpent (Crypt:3)
  3 cyclopes
  5 worldbinders (Abyss:3)
  A stone giant zombie (Tomb:1)
  9 elephants
  5 black mambas
  4 centaur zombies
  2 guardian serpents (Abyss:3)
  A fire giant zombie (Vaults:1)
  3 apocalypse crabs (Abyss:3)
  2 molten gargoyles (Volcano)
  A torpor snail (shapeshifter) (Vaults:3)
  3 vault sentinels
  Psyche (D:10)
  9 smoke demons
  Joseph (D:10)
  A spectral swamp worm (Depths:5)
  2 storm dragon simulacra
  A komodo dragon (shapeshifter) (Vaults:1)
  2 swamp worm zombies (Swamp:4)
  14 spiny frogs
  A hellion (Abyss:3)
  A redback zombie (Crypt:2)
  2 rime drakes (Lair:6)
  32 small abominations
  8 komodo dragons
  A tormentor (Abyss:3)
  A yaktaur (shapeshifter) (Depths:3)
  6 ancient zymes (Abyss:3)
  4 centaur skeletons (D:15)
  6 demonic crawlers
  A spectral harpy (Crypt:3)
  2 tengu conjurers
  2 anaconda simulacra
  A torpor snail (Spider:3)
  24 yaktaurs
  An efreet (Abyss:3)
  3 hellwings
  A red devil (Abyss:1)
  13 freezing wraiths
  A death drake zombie (Crypt:3)
  3 hydra zombies
  4 guardian mummies
  A troll (shapeshifter) (Vaults:3)
  10 two-headed ogres
  6 trolls
  A wolf spider simulacrum (Crypt:3)
  19 jumping spiders
  4 tyrant leeches
  11 hornets
  5 hippogriffs
  14 slime creatures
  A hornet (shapeshifter) (Depths:3)
  14 raiju
  2 hydra skeletons
  17 blink frogs
  4 bog bodies
  A spectral swamp dragon (Swamp:4)
  4 alligator zombies (Swamp:4)
  An ice dragon zombie (Abyss:3)
  3 stone giant simulacra
  A deep troll skeleton (Depths:1)
  3 flying skulls
  5 wraiths
  40 redbacks
  A spriggan (shapeshifter) (Vaults:2)
  6 shadows
  A centaur simulacrum (D:15)
  A tarantella (shapeshifter) (Depths:3)
  A wyvern (shapeshifter) (Depths:2)
  Sigmund (D:5)
  20 tarantellas
  5 wyverns
  2 yaks (shapeshifter)
  6 ynoxinuls
  2 air elementals
  A human (shapeshifter) (Vaults:2)
  4 water elementals
  A human (D:12)
  A golden eye (shapeshifter) (Depths:2)
  2 basilisks
  3 chaos spawn
  2 neqoxecs (Abyss:3)
  34 yaks
  2 steam dragons
  2 fire elementals
  10 fire bats
  A human simulacrum (Vaults:3)
  13 vampire mosquitoes
  3 hungry ghosts
  A spatial vortex (Abyss:1)
  16 large abominations
  7 swamp worms
  6 wargs
  13 insubstantial wisps
  A mottled dragon (Vaults:2)
  A naga (Abyss:3)
  A soldier ant (D:13)
  A swamp worm (shapeshifter) (Depths:3)
  2 soldier ants (shapeshifter)
  A torturous demonspawn skeleton (Crypt:3)
  2 hell hounds
  13 water moccasins
  5 porcupines
  38 orc warriors
  4 swamp drakes
  4 sky beasts
  An ettin simulacrum (Depths:1)
  7 phantoms
  6 ice beasts
  An eye of draining (Abyss:2)
  A necrophage (Crypt:2)
  4 wolves
  3 swamp dragon zombies (Swamp:4)
  29 ogres
  8 boggarts
  A centaur (shapeshifter) (Depths:3)
  16 centaurs
  2 human skeletons
  3 crocodiles
  4 big kobolds
  2 elf zombies (Elf:1)
  18 bullfrogs
  An earth elemental (Elf:3)
  A hell hound zombie (Crypt:1)
  2 wyvern skeletons (D:14)
  4 scorpions
  5 wights
  A swamp dragon simulacrum (Crypt:3)
  6 killer bees
  A manticore simulacrum (Crypt:3)
  2 howler monkeys
  An electric eel (Lair:6)
  3 lava snakes (Volcano)
  A spectral centaur (Crypt:3)
  A bullfrog zombie (D:13)
  A crimson imp (D:11)
  A yaktaur simulacrum (Vaults:1)
  4 hounds
  3 quasits
  4 jellies
  A two-headed ogre zombie (Crypt:2)
  A bullfrog skeleton (D:12)
  15 orc priests
  3 iron imps (Abyss:3)
  A black bear skeleton (Crypt:1)
  Ijyb (D:3)
  11 worker ants
  22 orc wizards
  A troll simulacrum (Crypt:3)
  A mottled dragon skeleton (Crypt:2)
  A crocodile skeleton (Crypt:3)
  A hound zombie (D:11)
  2 hound skeletons
  2 mummies
  5 gnolls
  14 adders
  2 shadow imps
  2 white imps
  An ufetubus (Abyss:3)
  An ooze (D:3)
  An adder skeleton (Crypt:3)
  An adder zombie (D:7)
  5 worms
  3 dart slugs
  8 leopard geckos
  72 orcs
  2 ball pythons
  4 giant cockroaches
  2 hobgoblins (D:3)
  4 jackals
  18 kobolds
  4 quokkas
  3 bats
  3 frilled lizards
  3 goblins
  A jackal zombie (D:6)
  2 quokka zombies
  7 rats
  A spectral orc (Crypt:3)
  A briar patch (Swamp:2)
  2 crawling corpses (Elf:3)
  A lurking horror (Abyss:2)
  17 starspawn tentacles
1617 creatures vanquished.

Vanquished Creatures (collateral kills)
  An ancient lich (Crypt:3)
  A greater mummy (Depths:4)
  Xtahua (Crypt:3)
  Frederick (Tomb:1)
  Saint Roka (Orc:2)
  3 golden dragons
  Jory (Crypt:1)
  2 bone dragons
  3 liches
  6 tentacled monstrosities
  3 deep elf blademasters
  A deep elf master archer (Elf:3)
  2 quicksilver dragons
  2 titans (Depths:2)
  An Executioner (Abyss:3)
  13 tentacled starspawn
  6 sphinxes
  2 ancient champions
  A thorn hunter (Swamp:2)
  2 shadow dragons
  A draconian monk (Zot:2)
  3 tengu reavers
  A storm dragon (Zot:2)
  5 revenants
  An orc warlord (Vaults:1)
  3 fire giants
  2 ghost moths
  2 frost giants (Depths:4)
  2 balrugs
  5 vault wardens
  An iron dragon (Depths:3)
  2 emperor scorpions (Spider:4)
  4 deep elf sorcerers
  3 curse skulls
  A deep elf elementalist (Abyss:2)
  A draconian zealot (Zot:2)
  5 ironheart preservers
  Louise (Depths:4)
  A draconian shifter (Zot:1)
  A draconian annihilator (Zot:1)
  4 ghouls
  11 very ugly things
  4 reapers
  A draconian caller (Zot:1)
  6 vampire knights
  15 stone giants
  A green draconian (Depths:5)
  3 deep elf demonologists (Elf:3)
  Nessos (D:13)
  An entropy weaver (Vaults:4)
  4 deep elf annihilators
  A black draconian (Depths:5)
  A spectral titan (Crypt:3)
  2 white draconians (Zot:1)
  A purple draconian (Zot:2)
  A spark wasp (Depths:4)
  3 mottled draconians
  Snorg (Lair:5)
  5 yellow draconians
  9 ettins
  2 spectral quicksilver dragons (Crypt:3)
  9 eidola
  2 crystal guardians
  A mummy priest (Depths:4)
  An ettin (shapeshifter) (Depths:3)
  A fire dragon (Depths:2)
  2 deep elf death magi
  2 jiangshi (Depths:3)
  7 ice dragons
  5 yaktaur captains
  3 deep elf high priests (Elf:3)
  7 rakshasas
  6 spriggan air magi
  4 great orbs of eyes
  7 hydras
  6 centaur warriors
  A ghost crab (Swamp:4)
  9 vault guards
  2 alligators
  2 tengu warriors
  A spectral stone giant (Crypt:3)
  7 deep troll shamans
  3 death knights
  4 death scarabs (Tomb:1)
  3 ogre magi
  3 deep troll earth magi
  4 vampire magi
  A hell hog (Abyss:3)
  11 dancing weapons
  A spectral dire elephant (Crypt:3)
  3 orc high priests (Depths:2)
  A soul eater (Crypt:3)
  A titan zombie (Abyss:3)
  8 deep elf knights
  3 spriggan berserkers (Depths:5)
  11 thrashing horrors (Abyss:3)
  7 spriggans
  3 sun demons
  A spectral emperor scorpion (Crypt:3)
  2 fire crabs
  5 wretched stars
  A sixfirhy (Abyss:3)
  2 spatial maelstroms
  2 shadow wraiths
  A sea snake (shapeshifter) (Depths:2)
  6 flayed ghosts
  An iron troll (Depths:4)
  11 skeletal warriors
  A swamp dragon (shapeshifter) (Depths:2)
  2 hell knights (Depths:2)
  2 shadow demons (Abyss:3)
  3 unseen horrors (Depths:1)
  An obsidian statue (Depths:3)
  35 starcursed masses (Abyss:3)
  4 glowing orange brains
  2 ironbrand convokers
  10 deep trolls
  22 large abominations
  2 phantasmal warriors
  8 deep elf archers
  3 wizards
  2 swamp dragons (Abyss:3)
  3 spectral hydras (Swamp:4)
  A naga ritualist (Depths:1)
  4 hill giants
  An orc knight (Vaults:2)
  A shadow dragon zombie (Crypt:3)
  9 orb spiders
  16 wolf spiders
  5 necromancers
  A spectral ettin (Crypt:3)
  3 orc sorcerers
  21 ugly things
  An iron dragon zombie (Crypt:1)
  28 deep elf magi
  2 manticores
  A spectral fire dragon (Crypt:3)
  2 cyclopes
  A spectral alligator (Crypt:3)
  A salamander (shapeshifter) (Depths:3)
  A cyclops (shapeshifter) (Depths:3)
  A shining eye (Abyss:2)
  6 moths of wrath
  A frost giant zombie (Vaults:1)
  5 elephants
  5 worldbinders (Abyss:3)
  A centaur zombie (D:13)
  An iron dragon skeleton (Crypt:1)
  A black mamba (Lair:2)
  A frost giant skeleton (Depths:1)
  An eye of devastation (shapeshifter) (Depths:3)
  17 spiny frogs
  5 smoke demons (Abyss:3)
  5 vault sentinels
  A gargoyle (D:14)
  A torpor snail (shapeshifter) (Depths:3)
  7 demonic crawlers
  3 apocalypse crabs (Abyss:3)
  A hellion (Abyss:2)
  A grey draconian zombie (Crypt:1)
  A torpor snail (Spider:3)
  10 freezing wraiths
  4 spectral swamp worms (Depths:5)
  A komodo dragon (Lair:1)
  16 yaktaurs
  A tormentor (Abyss:3)
  8 ancient zymes
  3 efreet
  A rime drake (Lair:6)
  A swamp worm zombie (Swamp:4)
  3 trolls
  13 small abominations
  2 guardian mummies (Tomb:1)
  3 hellwings (Abyss:3)
  2 hydra zombies
  2 tengu conjurers (Depths:4)
  A polar bear (Lair:3)
  4 two-headed ogres
  A fire dragon zombie (Crypt:2)
  A harpy skeleton (Vaults:1)
  16 jumping spiders
  A polar bear (shapeshifter) (Depths:3)
  6 tyrant leeches
  17 slime creatures
  Prince Ribbit (D:8)
  7 blink frogs
  6 hippogriffs
  A spectral manticore (Crypt:3)
  2 alligator zombies (Swamp:4)
  A stone giant simulacrum (Vaults:2)
  11 raiju
  A snapping turtle (shapeshifter) (Depths:1)
  8 hornets
  4 bog bodies
  2 flying skulls (Abyss:3)
  24 redbacks
  4 water elementals
  4 air elementals
  A hill giant zombie (Crypt:3)
  7 shadows
  4 wyverns
  9 ynoxinuls (Abyss:3)
  4 wraiths
  A hog (D:12)
  13 yaks
  17 tarantellas
  A fire bat (Volcano)
  A hill giant skeleton (Crypt:3)
  A hog (shapeshifter) (Vaults:3)
  3 fire elementals
  A steam dragon (Volcano)
  6 chaos spawn
  3 neqoxecs (Abyss:3)
  A hungry ghost (D:8)
  Grum (D:7)
  18 vampire mosquitoes
  4 wargs
  A naga (Depths:1)
  10 swamp worms
  2 catoblepas simulacra (Crypt:3)
  A hydra simulacrum (Abyss:1)
  8 insubstantial wisps
  A spatial vortex (Abyss:3)
  2 hell hounds (Lair:6)
  A deep troll zombie (Crypt:2)
  An orb spider zombie (Crypt:3)
  9 water moccasins
  A porcupine (Lair:4)
  4 swamp drakes
  19 orc warriors
  A fire dragon simulacrum (Abyss:3)
  2 eyes of draining (Abyss:3)
  An ice beast (D:6)
  A phantom (Swamp:4)
  A swamp dragon zombie (Swamp:4)
  A boggart (Vaults:1)
  7 centaurs
  A necrophage (Crypt:1)
  21 ogres
  2 swamp dragon skeletons
  A wolf (shapeshifter) (Abyss:1)
  An elf skeleton (Vaults:1)
  4 wolves
  8 crocodiles
  8 bullfrogs
  An earth elemental (Elf:3)
  A draconian skeleton (Crypt:1)
  A wyvern skeleton (D:7)
  2 yaktaur skeletons (Vaults:1)
  2 scorpions
  5 killer bees
  6 wights
  6 electric eels
  5 lava snakes (Volcano)
  A jelly (D:8)
  3 crimson imps
  A bullfrog zombie (D:7)
  5 quasits
  3 hounds
  A two-headed ogre zombie (Crypt:2)
  A black bear zombie (Crypt:1)
  8 orc priests
  2 iron imps (Abyss:3)
  17 orc wizards
  4 bullfrog skeletons
  An iguana (D:8)
  A human skeleton (Crypt:1)
  3 spectral swamp drakes (Swamp:4)
  6 worker ants
  A human simulacrum (Abyss:3)
  5 mummies (Crypt:1)
  3 gnolls (D:8)
  3 adders
  5 shadow imps
  A lava snake zombie (Crypt:1)
  A lava snake skeleton (Crypt:1)
  A worm (Lair:3)
  A leopard gecko (D:7)
  32 orcs
  A ball python (D:8)
  3 jackals (D:9)
  3 kobolds
  A leopard gecko skeleton (D:5)
  A quokka skeleton (D:4)
  A quokka zombie (D:9)
  A briar patch (Swamp:2)
  11 starspawn tentacles
1193 creatures vanquished.

Vanquished Creatures (others)
  A ghost moth (Spider:4)
  A red draconian (Depths:5)
  A thrashing horror (Abyss:3)
  A deep elf knight (Elf:2)
  A wretched star (Abyss:3)
  2 deep elf magi
  An orb spider (Spider:1)
  A yaktaur (Vaults:1)
  A jumping spider (Spider:1)
  A tengu conjurer (Depths:1)
  A two-headed ogre (Depths:1)
  2 raiju
  A redback (Spider:1)
  An ogre (Depths:4)
  A bullfrog (Lair:1)
  2 small abominations
  81 battlemagi
  An ancestor (D:5)
  An orc (Vaults:4)
  A gnoll skeleton (Crypt:2)
  8 fungi
  5 lurking horrors
  11 plants
  48 starspawn tentacles
175 creatures vanquished.

Grand Total: 2985 creatures vanquished

Notes
Turn   | Place    | Note
-------+----------+-------------------------------------------
     0 | D:1      | Alarkh the Mummy Necromancer began the quest for the Orb.
     0 | D:1      | Reached XP level 1. HP: 13/13 MP: 3/3
   701 | D:2      | Reached XP level 2. HP: 19/19 MP: 1/5
  1817 | D:2      | Found a basalt altar of Yredelemnul.
  1831 | D:3      | Reached XP level 3. HP: 24/24 MP: 4/7
  1839 | D:3      | Learned a level 3 spell: Vampiric Draining
  1917 | D:3      | Noticed Ijyb
  1925 | D:3      | Killed Ijyb
  1930 | D:3      | Learned a level 2 spell: Blink
  1988 | D:3      | Reached XP level 4. HP: 15/30 MP: 0/8
  2329 | D:3      | Reached skill level 5 in Necromancy
  2734 | D:3      | Reached XP level 5. HP: 35/35 MP: 4/10
  3049 | D:4      | Found a glowing golden altar of the Shining One.
  3082 | D:4      | Found a staircase to the Ecumenical Temple.
  3095 | Temple   | Entered the Ecumenical Temple
  3291 | Temple   | Became a worshipper of Hepliaklqana the Forgotten
  3603 | D:4      | Reached XP level 6. HP: 33/36 MP: 9/12
  3614 | D:4      | Learned a level 4 spell: Control Undead
  3740 | D:5      | Entered Level 5 of the Dungeon
  3740 | D:5      | Reached * piety under Hepliaklqana
  4105 | D:5      | Reached skill level 5 in Spellcasting
  4179 | D:5      | Reached XP level 7. HP: 37/41 MP: 1/14
  4466 | D:5      | Found a stormy altar of Qazlal.
  4507 | D:5      | Noticed Sigmund
  4514 | D:5      | Killed Sigmund
  4668 | D:6      | Learned a level 2 spell: Repel Missiles
  4827 | D:6      | Found an iron altar of Okawaru.
  4857 | D:6      | Found a basalt altar of Yredelemnul.
  4918 | D:6      | Reached skill level 1 in Fighting
  4918 | D:6      | Reached skill level 1 in Armour
  4988 | D:6      | Reached XP level 8. HP: 49/49 MP: 15/17
  5101 | D:6      | Reached ** piety under Hepliaklqana
  5102 | D:6      | Remembered your ancestor Æthelred as a battlemage
  5180 | D:6      | Found a faded altar of an unknown god.
  5180 | D:6      | Found a hide-covered altar of Uskayaw.
  5185 | D:6      | Found a faded altar of an unknown god.
  5187 | D:6      | Found a faded altar of an unknown god.
  5189 | D:6      | Found a faded altar of an unknown god.
  5426 | D:7      | Found a glowing golden altar of the Shining One.
  5428 | D:7      | Got a transparent robe
  5439 | D:7      | Identified the +3 robe of the Comet {+Blink} (You found it on level 7 of the Dungeon)
  5466 | D:7      | Reached skill level 1 in Staves
  5875 | D:7      | Found a snail-covered altar of Cheibriados.
  6198 | D:8      | Noticed Grum
  6214 | D:8      | Reached XP level 9. HP: 40/57 MP: 6/18
  6221 | D:7      | Killed Grum
  6326 | D:8      | Reached skill level 5 in Staves
  6347 | D:8      | Noticed Prince Ribbit
  6593 | D:8      | Killed Prince Ribbit
  6761 | D:8      | Reached *** piety under Hepliaklqana
  6948 | D:8      | Found a shimmering altar of Xom.
  7090 | D:9      | Found a staircase to the Lair.
  7390 | D:9      | Reached XP level 10. HP: 45/63 MP: 12/19
  7873 | D:10     | Entered Level 10 of the Dungeon
  7927 | D:10     | Noticed Joseph
  8069 | D:10     | Killed Joseph
  8214 | D:10     | Noticed a hill giant
  8222 | D:10     | Killed a hill giant
  8222 | D:10     | Reached skill level 10 in Staves
  8791 | D:10     | Found Reluc's Magic Scroll Emporium.
  8793 | D:10     | Reached **** piety under Hepliaklqana
  8871 | D:10     | Noticed Psyche
  8883 | D:10     | Killed Psyche
  8883 | D:10     | Reached XP level 11. HP: 62/67 MP: 18/20
  8924 | D:10     | Noticed Erica
  8937 | D:10     | Killed Erica
  9306 | D:11     | Noticed a hill giant
  9317 | D:11     | Killed a hill giant
  9319 | D:11     | Found a labyrinth entrance.
  9328 | Lab      | Entered a labyrinth
  9702 | Lab      | Noticed a minotaur
  9773 | Lab      | Killed a minotaur
  9823 | Lab      | Identified the Grimoire of Supportive Ice
 10476 | D:12     | HP: 1/67 [electric eel/bolt of electricity (9)]
 10858 | D:12     | Learned a level 9 spell: Shatter
 10959 | Lair:1   | Entered Level 1 of the Lair of Beasts
 11373 | Lair:2   | Got a warped helmet
 11384 | Lair:2   | Identified the +1 helmet "Jiyp" {Stlth+} (You found it on level 2 of the Lair of Beasts)
 11540 | Lair:2   | Reached skill level 1 in Translocations
 11574 | Lair:2   | Reached skill level 1 in Invocations
 11595 | Lair:2   | Reached skill level 1 in Charms
 11643 | Lair:2   | Noticed Nergalle
 11799 | Lair:2   | Killed Nergalle
 11869 | Lair:2   | Reached XP level 12. HP: 47/72 MP: 21/21
 12590 | Lair:1   | Reached ***** piety under Hepliaklqana
 13188 | Lair:3   | Found a hole to the Spider Nest.
 13334 | Lair:3   | Noticed a four-headed hydra
 13343 | Lair:3   | Killed a four-headed hydra
 13919 | Lair:4   | Gained mutation: You are in touch with the powers of death. [Mummy growth]
 13919 | Lair:4   | Reached XP level 13. HP: 52/77 MP: 18/24
 14266 | Lair:4   | Found a staircase to the Swamp.
 14532 | Lair:4   | Reached skill level 5 in Invocations
 14935 | Lair:5   | Noticed Snorg
 15248 | Lair:5   | Killed Snorg
 15492 | Lair:5   | Got an ancient lajatang
 15493 | Lair:5   | Identified the cursed +1 lajatang "Jixug" {freeze, Str+3 Stlth+} (You found it on level 5 of the Lair of Beasts)
 15632 | Lair:5   | Reached skill level 5 in Charms
 15650 | Lair:6   | Entered Level 6 of the Lair of Beasts
 15797 | Lair:6   | Reached skill level 5 in Translocations
 15848 | Lair:6   | Found a dark tunnel.
 15855 | Volcano  | Entered a volcano
 15855 | Volcano  | Reached ****** piety under Hepliaklqana
 16244 | Volcano  | Found a bloodstained altar of Trog.
 16950 | Lair:6   | Reached XP level 14. HP: 72/86 MP: 22/26
 17046 | Lair:6   | Reached skill level 5 in Fighting
 17433 | Lair:6   | Found a runed door.
 17434 | Lair:6   | Found a viscous altar of Jiyva.
 17519 | Lair:6   | Got a crude spear
 17520 | Lair:6   | Identified the +12 spear of the Rat {flame, *Drain +Inv rElec rF+} (You found it on level 6 of the Lair of Beasts)
 17550 | Lair:6   | Found a staircase to the Slime Pits.
 18597 | D:12     | Found Ritaar's Magic Scroll Shop.
 18645 | D:12     | Found a roughly hewn altar of Beogh.
 18645 | D:12     | Found a staircase to the Orcish Mines.
 18647 | D:12     | Reached skill level 1 in Earth Magic
 18874 | D:12     | Noticed a green very ugly thing
 18884 | D:12     | Killed a green very ugly thing
 18884 | D:12     | Reached skill level 2 in Earth Magic
 19105 | D:12     | Reached skill level 1 in Evocations
 19154 | D:13     | Noticed Erolcha
 19166 | D:13     | Killed Erolcha
 19379 | D:13     | Noticed Nessos
 19391 | D:13     | Killed Nessos
 19437 | D:13     | Reached skill level 3 in Earth Magic
 19836 | D:13     | Reached XP level 15. HP: 36/95 MP: 13/28
 20340 | D:14     | Noticed Frances
 20351 | D:14     | Killed Frances
 20351 | D:14     | Reached skill level 10 in Spellcasting
 20507 | D:14     | Found a gate to the Vaults.
 20526 | D:14     | Reached skill level 4 in Earth Magic
 20996 | D:15     | Entered Level 15 of the Dungeon
 21331 | D:15     | Reached skill level 5 in Dodging
 21625 | D:15     | Found a staircase to the Depths.
 21956 | Orc:1    | Entered Level 1 of the Orcish Mines
 21981 | Orc:1    | Reached skill level 5 in Earth Magic
 22050 | Orc:1    | Noticed an orc warlord
 22052 | Orc:1    | Noticed an orc warlord
 22149 | D:12     | Killed an orc warlord
 22266 | Orc:2    | Entered Level 2 of the Orcish Mines
 22570 | Orc:1    | Killed an orc warlord
 22766 | Orc:1    | Got an ancient spear
 22767 | Orc:1    | Identified the +11 spear of the Gnat {flame, rN+} (You found it on level 1 of the Orcish Mines)
 22827 | Orc:1    | Found a roughly hewn altar of Beogh.
 23275 | Orc:2    | Found a roughly hewn altar of Beogh.
 23299 | Orc:2    | Found Idiotim's Weapon Shop.
 23365 | Orc:2    | Found a roughly hewn altar of Beogh.
 23366 | Orc:2    | Found Set Nues's Gadget Shoppe.
 23434 | Orc:2    | Found a roughly hewn altar of Beogh.
 23460 | Orc:2    | Found a roughly hewn altar of Beogh.
 23503 | Orc:2    | Found a roughly hewn altar of Beogh.
 23577 | Orc:2    | Reached skill level 5 in Armour
 23653 | Orc:2    | Found a staircase to the Elven Halls.
 23692 | Orc:2    | Found a roughly hewn altar of Beogh.
 23912 | Orc:2    | Noticed Saint Roka
 24116 | Orc:2    | Found Aperhiem's Antique Weapon Boutique.
 24126 | Orc:2    | Found a roughly hewn altar of Beogh.
 24127 | Orc:2    | Found Pugufeil's Antique Armour Shop.
 24142 | Orc:2    | Bought a pair of pitted boots for 304 gold pieces
 24142 | Orc:2    | Bought a bronze ring mail for 288 gold pieces
 24142 | Orc:2    | Identified the +0 pair of boots of Failure {rPois Dex+6} (You bought it in a shop on level 2 of the Orcish Mines)
 24143 | Orc:2    | Identified the +2 ring mail of Worphuxkush {rPois Int+4} (You bought it in a shop on level 2 of the Orcish Mines)
 24428 | Swamp:1  | Entered Level 1 of the Swamp
 24709 | Swamp:1  | Reached XP level 16. HP: 96/104 MP: 18/30
 24987 | Swamp:1  | Reached skill level 6 in Earth Magic
 25289 | Swamp:2  | Reached skill level 5 in Stealth
 25803 | Swamp:2  | Noticed a thorn hunter
 25817 | Swamp:2  | Killed a thorn hunter
 27052 | Swamp:4  | Entered Level 4 of the Swamp
 27348 | Swamp:4  | Reached skill level 7 in Earth Magic
 27818 | Swamp:4  | Reached skill level 5 in Evocations
 27912 | Swamp:4  | Noticed a bone dragon
 28011 | Swamp:4  | Killed a bone dragon
 28269 | Swamp:4  | Got a decaying rune of Zot
 29336 | Spider:1 | Entered Level 1 of the Spider Nest
 29377 | Spider:1 | Reached XP level 17. HP: 84/112 MP: 27/32
 29996 | Spider:1 | Reached skill level 8 in Earth Magic
 32019 | Spider:4 | Entered Level 4 of the Spider Nest
 32457 | Spider:4 | Reached skill level 9 in Earth Magic
 33211 | Spider:3 | Reached XP level 18. HP: 99/120 MP: 13/33
 33578 | Spider:4 | Got a crude wooden ring
 33624 | Spider:4 | Identified the ring "Daklef" {rElec EV+2 Str+3 Int+2} (You found it on level 4 of the Spider Nest)
 33628 | Spider:4 | Reached skill level 10 in Fighting
 33662 | Spider:4 | Got a gossamer rune of Zot
 33858 | Lair:2   | Learned a level 3 spell: Stone Arrow
 33949 | D:12     | Bought a scroll of enchant weapon for 75 gold pieces
 33949 | D:12     | Bought a scroll of enchant armour for 75 gold pieces
 34286 | Vaults:1 | Entered Level 1 of the Vaults
 35234 | Vaults:1 | Reached skill level 10 in Earth Magic
 35434 | Vaults:1 | Got a pair of jewelled gloves
 35445 | Vaults:1 | Identified the +0 pair of gloves of the Dolphin {-Tele rC+ Stlth+} (You found it on level 1 of the Vaults)
 36027 | Vaults:2 | Found Tuxoal's Distillery.
 36404 | Vaults:2 | Reached XP level 19. HP: 85/127 MP: 11/35
 37160 | Vaults:2 | Reached skill level 11 in Earth Magic
 37969 | Vaults:3 | Noticed a Tzitzimitl
 38303 | D:15     | Identified a scroll of acquirement
 38311 | D:15     | Got a pitted cloak
 38322 | D:15     | Identified the +2 cloak "Ososmur" {+Inv} (You acquired it on level 15 of the Dungeon)
 38666 | Vaults:3 | Got a translucent scimitar
 38710 | Vaults:3 | Identified the cursed +1 scimitar "Kioj" {speed, rF+++} (You found it on level 3 of the Vaults)
 38751 | Vaults:3 | Found a staircase to the Crypt.
 38751 | Vaults:3 | Found a basalt altar of Yredelemnul.
 38752 | Vaults:3 | Found an ancient bone altar of Kikubaaqudgha.
 40548 | Vaults:4 | Reached XP level 20. HP: 117/136 MP: 27/37
 41109 | Vaults:2 | Reached skill level 12 in Earth Magic
 41366 | D:12     | Bought a scroll of teleportation for 30 gold pieces
 41366 | D:12     | Bought a scroll of teleportation for 30 gold pieces
 41366 | D:12     | Bought a scroll of teleportation for 30 gold pieces
 41686 | Orc:2    | Killed Saint Roka
 41733 | Elf:1    | Entered Level 1 of the Elven Halls
 42109 | Elf:1    | Reached skill level 10 in Stealth
 42342 | Elf:1    | Found Faluissieg's Assorted Antiques.
 42632 | Elf:1    | Reached skill level 10 in Dodging
 42653 | Elf:1    | Identified the Handbook of Unholy Rites
 42989 | Elf:2    | Found a runed gate.
 42992 | Elf:2    | Found a runed gate.
 42993 | Elf:2    | Found a runed gate.
 44331 | Elf:3    | Entered Level 3 of the Elven Halls
 44331 | Elf:3    | Found Secyq's Gadget Emporium.
 44336 | Elf:3    | Found an ancient bone altar of Kikubaaqudgha.
 44404 | Elf:3    | Found Olei's Weapon Shoppe.
 44460 | Elf:3    | Reached skill level 13 in Earth Magic
 44529 | Elf:3    | Reached XP level 21. HP: 131/144 MP: 17/38
 44705 | Elf:3    | Reached skill level 10 in Armour
 45211 | Elf:3    | Got an ancient lapis lazuli ring
 45240 | Elf:3    | Got a coiled copper ring
 45415 | Elf:3    | Identified the ring of Piwk {*Corrode +Inv AC+2 SInv} (You took it off a deep elf demonologist on level 3 of the Elven Halls)
 45416 | Elf:3    | Identified the ring "Muudovy" {Str+4 Stlth+} (You took it off a deep elf master archer on level 3 of the Elven Halls)
 45516 | Elf:3    | Found Ottij's Distillery.
 45570 | Elf:3    | Noticed Nikola
 45591 | Elf:3    | Killed Nikola
 45606 | Elf:3    | Found Ykocwibu's Jewellery Emporium.
 45636 | Elf:3    | Found Ticlor's Antique Armour Shop.
 45695 | Elf:3    | Bought a pearl-encrusted ring mail for 306 gold pieces
 45695 | Elf:3    | Bought a glowing shield for 357 gold pieces
 45695 | Elf:3    | Identified the +2 ring mail "Usejaos" {rElec rCorr Dex+4} (You bought it in a shop on level 3 of the Elven Halls)
 46371 | Depths:1 | Entered Level 1 of the Depths
 46373 | Depths:1 | Found a gateway to Hell.
 47446 | Depths:1 | Found Wuill's Serpentskin Sales.
 47538 | Depths:1 | Found a one-way gate to the infinite horrors of the Abyss.
 47909 | Depths:2 | Noticed Margery
 47921 | Depths:2 | Killed Margery
 47921 | Depths:2 | Reached skill level 14 in Earth Magic
 48014 | Depths:2 | Reached XP level 22. HP: 124/152 MP: 40/40
 48047 | Depths:2 | Got a shimmering amber ring
 48060 | Depths:2 | Identified the ring of Nuoniec {rElec rPois rF+++ Dex-2 SInv} (You found it on level 2 of the Depths)
 48155 | Depths:2 | Noticed Asterion
 48778 | Depths:2 | Got a sparkling lapis lazuli ring
 48779 | Depths:2 | Identified the ring "Fylit" {Fire MR+ Str+2 Int-2 Dex+3} (You found it on level 2 of the Depths)
 49106 | Depths:2 | Got a fine glass ring
 49112 | Depths:2 | Identified the cursed ring "Kogemofa" {rElec MR- Str+3 Int-3} (You found it on level 2 of the Depths)
 49128 | Depths:2 | Found Kathrayri's Food Boutique.
 49194 | Depths:2 | Killed Asterion
 49596 | Depths:3 | Found a one-way gate leading to the halls of Pandemonium.
 50152 | Depths:3 | Found Doodeo's Gadget Shoppe.
 50152 | Depths:3 | Found Leor's Jewellery Boutique.
 50153 | Depths:3 | Found Maf Jush's Jewellery Boutique.
 50160 | Depths:3 | Bought a wand of hasting (2/9) for 468 gold pieces
 51022 | Depths:3 | Noticed a golden dragon
 51035 | Depths:3 | Killed a golden dragon
 51067 | Depths:3 | Reached skill level 15 in Earth Magic
 51298 | Depths:3 | Got an encrusted cloak
 51305 | Depths:3 | Got a shimmering leather armour
 51306 | Depths:3 | Identified the cursed +0 cloak of Knowledge {Str+2} (You found it on level 3 of the Depths)
 51307 | Depths:3 | Identified the +3 leather armour of Lethargy {Str+5 Dex-4} (You found it on level 3 of the Depths)
 51385 | Depths:3 | Reached XP level 23. HP: 143/160 MP: 41/41
 51601 | Depths:4 | Noticed Louise
 51612 | Depths:4 | Killed Louise
 51921 | Depths:4 | Found Wathaig's General Store.
 51940 | Depths:4 | Bought a scroll of enchant weapon for 142 gold pieces
 51945 | Depths:4 | Found Jaraerr's General Store.
 51952 | Depths:4 | Bought a scroll of teleportation for 57 gold pieces
 52024 | Depths:4 | Found a gateway to a ziggurat.
 52676 | Depths:4 | Found Unonti's Food Emporium.
 53033 | Depths:4 | Reached skill level 15 in Spellcasting
 53058 | Depths:4 | Noticed a greater mummy
 53554 | Depths:4 | Killed a greater mummy
 53692 | Depths:4 | Reached skill level 10 in Evocations
 53693 | Depths:4 | Noticed a greater mummy
 53699 | Depths:4 | Killed a greater mummy
 53705 | Depths:4 | Cast into level 3 of the Abyss (reaper)
 54133 | Depths:4 | Escaped the Abyss
 54237 | Depths:4 | Noticed a greater mummy
 54254 | Depths:4 | Killed a greater mummy
 54673 | Depths:4 | Identified a +1 rod of ignition (12/12) (You found it on level 3 of the Abyss)
 54838 | Depths:5 | Entered Level 5 of the Depths
 55101 | Depths:5 | Found a gate to the Realm of Zot.
 55668 | Depths:5 | Found a corrupted altar of Lugonu.
 55800 | Depths:5 | Found Kunn's Antique Weapon Shop.
 55807 | Depths:5 | Bought the +5 scythe "Finisher" {speed, Str+3} for 1371 gold pieces
 55978 | Depths:3 | Bought the cursed necklace of Bloodlust {*Rage +Rage MR+ Int-3 Slay+3 *Curse} for 1022 gold pieces
 56325 | Elf:3    | Bought the +4 arc blade {discharge, rElec} for 684 gold pieces
 56914 | Crypt:1  | Entered Level 1 of the Crypt
 56995 | Crypt:1  | Reached skill level 16 in Earth Magic
 56995 | Crypt:1  | Reached XP level 24. HP: 158/168 MP: 42/42
 57272 | Crypt:1  | Noticed Jory
 57281 | Crypt:1  | Killed Jory
 57281 | Crypt:1  | Reached skill level 15 in Fighting
 57981 | Crypt:2  | Noticed Sojobo
 58095 | Crypt:2  | Killed Sojobo
 58714 | Crypt:3  | Entered Level 3 of the Crypt
 58714 | Crypt:3  | Found a huge runed gate.
 58714 | Crypt:3  | Found a huge runed gate.
 58714 | Crypt:3  | Found a huge runed gate.
 58714 | Crypt:3  | Found a huge runed gate.
 59996 | Crypt:3  | Found a huge runed gate.
 59996 | Crypt:3  | Found a huge runed gate.
 60005 | Crypt:3  | Found a huge runed gate.
 60005 | Crypt:3  | Found a huge runed gate.
 60005 | Crypt:3  | Found a huge runed gate.
 60005 | Crypt:3  | Found a huge runed gate.
 60005 | Crypt:3  | Found a huge runed gate.
 60005 | Crypt:3  | Found a huge runed gate.
 60005 | Crypt:3  | Found a huge runed gate.
 60006 | Crypt:3  | Found a huge runed gate.
 60007 | Crypt:3  | Found a huge runed gate.
 60015 | Crypt:3  | Found a huge runed gate.
 60015 | Crypt:3  | Found a huge runed gate.
 60015 | Crypt:3  | Found a huge runed gate.
 60015 | Crypt:3  | Found a huge runed gate.
 60015 | Crypt:3  | Found a huge runed gate.
 60024 | Crypt:3  | Found a huge runed gate.
 60025 | Crypt:3  | Found a huge runed gate.
 60054 | Crypt:3  | Got a twisted chain mail
 60055 | Crypt:3  | Identified the cursed +0 chain mail of Duty {Dex+2} (You found it on level 3 of the Crypt)
 60077 | Crypt:3  | Found a huge runed gate.
 60077 | Crypt:3  | Found a huge runed gate.
 60077 | Crypt:3  | Found a huge runed gate.
 60077 | Crypt:3  | Found a huge runed gate.
 60077 | Crypt:3  | Found a huge runed gate.
 60081 | Crypt:3  | Found a huge runed gate.
 60126 | Crypt:3  | Noticed Xtahua
 60137 | Crypt:3  | Killed Xtahua
 60152 | Crypt:3  | Reached skill level 1 in Shields
 60452 | Crypt:3  | Got a bloodstained leather armour
 60453 | Crypt:3  | Identified the cursed +1 leather armour "Fasmyap" {rElec rC- rCorr Dex+6} (You found it on level 3 of the Crypt)
 60668 | Crypt:3  | Got a transparent platinum ring
 60668 | Crypt:3  | Got a clouded brass ring
 60669 | Crypt:3  | Identified the ring "Sick" {rPois rF++ rN+} (You found it on level 3 of the Crypt)
 60670 | Crypt:3  | Identified the ring "Syilagec" {rN+ SInv} (You found it on level 3 of the Crypt)
 60811 | Crypt:3  | Reached skill level 17 in Earth Magic
 60824 | Crypt:3  | Found a staircase to the Tomb.
 61408 | Crypt:3  | Noticed an ancient lich
 61938 | Crypt:3  | Killed an ancient lich
 61938 | Crypt:3  | Reached XP level 25. HP: 96/174 MP: 43/43
 62015 | Crypt:3  | Found a staircase to the Tomb.
 62538 | Tomb:1   | Entered Level 1 of the Tomb of the Ancients
 62570 | Tomb:1   | Noticed Frederick
 62587 | Tomb:1   | Killed Frederick
 62864 | Tomb:1   | HP: 4/174 [sphinx/divine providence (14)]
 63241 | Tomb:1   | Noticed a greater mummy
 63772 | Lair:2   | Learned a level 7 spell: Haunt
 63781 | Lair:2   | Learned a level 8 spell: Infestation
 63959 | Depths:1 | Voluntarily entered the Abyss.
 64781 | Abyss:2  | Reached skill level 1 in Summonings
 64975 | Abyss:2  | Reached skill level 5 in Shields
 65125 | Abyss:3  | Found a corrupted altar of Lugonu.
 65139 | Abyss:3  | Got a twisted whip
 65140 | Abyss:3  | Identified the +1 whip of Imminent Death {elec, rN+ MR+ Dex+2} (You found it on level 3 of the Abyss)
 65187 | Abyss:3  | Found a corrupted altar of Lugonu.
 65630 | Abyss:3  | Found a corrupted altar of Lugonu.
 65659 | Abyss:3  | Reached skill level 18 in Earth Magic
 66256 | Abyss:3  | Paralysed by accursed screaming for 1 turns
 67160 | Abyss:3  | Gained mutation: You are strongly in touch with the powers of death. [Mummy growth]
 67160 | Abyss:3  | Reached XP level 26. HP: 88/180 MP: 40/43
 67437 | Abyss:3  | Got a warped scale mail
 67438 | Abyss:3  | Identified the +3 scale mail "Lotann" {Stlth+} (You found it on level 3 of the Abyss)
 67667 | Abyss:3  | Found a corrupted altar of Lugonu.
 68196 | Abyss:3  | Reached skill level 5 in Summonings
 68265 | Abyss:3  | Got an abyssal rune of Zot
 68748 | Abyss:3  | Reached skill level 10 in Necromancy
 68856 | Depths:1 | Escaped the Abyss
 69242 | Crypt:3  | Reached skill level 19 in Earth Magic
 70249 | Zot:1    | Entered Level 1 of the Realm of Zot
 71803 | Zot:2    | Slain by a death cob

Skill      XL: |  1  2  3  4  5  6  7  8  9 10 11 12 13 14 15 16 17 18 19 20 21 22 23 24 25 26 |
---------------+-------------------------------------------------------------------------------+-----
Spellcasting   | 3 4 5 6 7 8 9 10 11 12 13 14 15 16 17 | 17.7
Necromancy     | 5 6 7 9 10 | 10.2
Fighting       | 1 3 4 6 7 9 10 11 12 13 14 15 | 15.0
Armour         | 1 2 3 5 6 7 8 9 10 11 12 | 12.1
Dodging        | 2 3 4 5 6 7 8 9 10 11 12 | 12.6
Staves         | 4 8 11 13 14 | 14.0
Translocations | 1 3 5 6 |  6.0
Invocations    | 1 4 6 8 |  8.0
Charms         | 1 3 5 6 |  6.3
Earth Magic    | 3 5 7 9 10 11 13 14 15 16 17 18 19 | 19.5
Stealth        | 2 4 6 7 8 9 10 11 | 11.0
Evocations     | 1 3 5 6 7 8 9 10 11 12 13 | 13.5
Shields        | 4 6 |  6.0
Summonings     | 3 5 |  5.9

Action                   |  1- 3 |  4- 6 |  7- 9 | 10-12 | 13-15 | 16-18 | 19-21 | 22-24 | 25-27 || total
-------------------------+-------+-------+-------+-------+-------+-------+-------+-------+-------++-------
Melee: Mace              |    28 |    18 |    73 |       |       |       |       |       |       ||   119
       Morningstar       |       |       |    99 |    53 |       |       |       |       |       ||   152
       Quarterstaff      |       |       |       |   627 |   235 |  1251 |       |       |       ||  2113
       Lajatang          |       |       |       |       |  1013 |   686 |  1339 |  1056 |       ||  4094
       Staff             |       |       |       |       |     9 |       |       |   668 |  1643 ||  2320
 Cast: Pain              |    70 |   109 |    56 |    16 |    19 |    20 |       |       |       ||   290
       Vampiric Draining |       |     6 |    39 |    80 |   141 |   292 |   219 |   194 |    76 ||  1047
       Repel Missiles    |       |       |     1 |     1 |     2 |     4 |    20 |     6 |     5 ||    39
       Control Undead    |       |       |       |     2 |       |     5 |       |     1 |       ||     8
       Blink             |       |       |       |       |     3 |     2 |     2 |    12 |     1 ||    20
       Stone Arrow       |       |       |       |       |       |     3 |     7 |       |       ||    10
Invok: Ancestor Identity |       |     1 |     1 |       |       |       |       |       |       ||     2
       Recall Ancestor   |       |       |     1 |     5 |    11 |    10 |     4 |     6 |    14 ||    51
       Ancestor Life: Ba |       |       |     1 |       |       |       |       |       |       ||     1
       Idealise          |       |       |       |     2 |    11 |     7 |    10 |     3 |     2 ||    35
       Transference      |       |       |       |       |       |       |     1 |     5 |     2 ||     8
 Abil: Evoke Invisibilit |       |       |       |       |       |       |     1 |       |       ||     1
Evoke: Wand              |       |       |       |     4 |     1 |     1 |       |     5 |     3 ||    14
  Use: Scroll            |     3 |     5 |     5 |    16 |    21 |    20 |    20 |    28 |    20 ||   138
 Stab: Sleeping          |       |       |     2 |     1 |    13 |    15 |    30 |    32 |     6 ||    99
       Paralysed         |       |       |       |     7 |       |       |       |       |       ||     7
       Distracted        |       |       |       |     2 |    17 |    35 |    32 |    37 |    23 ||   146
       Confused          |       |       |       |       |     1 |       |       |       |       ||     1
       Petrifying        |       |       |       |       |     1 |       |       |       |       ||     1
       Invisible         |       |       |       |       |       |       |     1 |       |     1 ||     2
       Petrified         |       |       |       |       |       |       |       |       |     1 ||     1
Armor: Robe              |     6 |    13 |    21 |       |       |       |       |       |       ||    40
       Mottled dragon sc |       |       |    79 |    69 |       |       |       |       |       ||   148
       Ring mail         |       |       |       |   178 |   609 |  1229 |   489 |   763 |   498 ||  3766
       Ice dragon scales |       |       |       |       |       |       |       |       |   122 ||   122
Dodge: Dodged            |    31 |    43 |   173 |   308 |   639 |  1393 |   999 |  1346 |   843 ||  5775
       Deflected         |       |       |       |     3 |    28 |    16 |    93 |    31 |    19 ||   190
Block: Buckler           |       |       |       |       |       |       |       |   135 |   506 ||   641
       Reflection        |       |       |       |       |       |       |       |       |     7 ||     7
       Rpst.: Quarterstaff |       |       |       |    62 |    22 |   153 |       |       |       ||   237
       Lajatang          |       |       |       |       |   166 |   118 |   222 |   200 |       ||   706
       Staff             |       |       |       |       |     1 |       |       |    76 |   164 ||   241
       Unarmed           |       |       |       |       |       |       |       |     1 |       ||     1
